 Dungeon Crawl Stone Soup version 0.23-a0-494-g91793a9 (webtiles) character file.

515 zishaf the Changer (level 7, -6/36 HPs)
             Began as a Vine Stalker Transmuter on Dec 4, 2018.
             Was a Follower of Makhleb.
             Mangled by Sigmund
             ... wielding a +0 scythe
              (9 damage)
             ... on level 4 of the Dungeon.
             The game lasted 00:09:18 (4037 turns).

zishaf the Changer (Vine Stalker Transmuter)        Turns: 4037, Time: 00:09:18

Health: -6/36      AC:  4    Str: 14    XL:     7   Next: 20%
Magic:  0/11       EV: 11    Int: 13    God:    Makhleb [*.....]
Gold:   190        SH:  9    Dex: 15    Spells: 2/10 levels left

rFire    . . .     SeeInvis .     - Unarmed
rCold    . . .     Gourm    .   o - +2 shield
rNeg     . . .     Faith    .   b - +0 robe
rPois    .         Spirit   +   g - +0 helmet
rElec    .         Reflect  .   (no cloak)
rCorr    .         Harm     .   k - +0 pair of gloves
MR       .....                  (no boots)
Stlth    +.........             (no amulet)
HPRegen  0.52/turn              (no ring)
MPRegen  0.12/turn              (no ring)

@: no status effects
A: fangs 2, regeneration 1, magic shield, antimagic bite, no potion heal 3, rot
immunity
a: Renounce Religion


You were on level 4 of the Dungeon.
You worshipped Makhleb.
Makhleb was aware of your devotion.
You were hungry.

You visited 1 branch of the dungeon, and saw 4 of its levels.

You collected 190 gold pieces.

Inventory:

Hand Weapons
 a - a +0 hunting sling
Missiles
 f - 54 stones
 l - 27 arrows
 m - 44 sling bullets
 p - 4 poisoned javelins (quivered)
Armour
 b - a +0 robe (worn)
 g - a +0 helmet (worn)
 k - a +0 pair of gloves (worn)
 o - a +2 shield (worn)
 w - a +0 chain mail
Scrolls
 c - 2 scrolls of enchant armour {unknown}
 i - a scroll of fear {unknown}
 n - 2 scrolls of teleportation {unknown}
 q - 2 scrolls of remove curse
 r - a scroll of noise {unknown}
 s - a scroll of immolation
 u - a scroll of amnesia
 y - a scroll of enchant weapon
Potions
 e - 4 potions of curing {unknown}
 h - 2 potions of haste
 j - a potion of lignification {unknown}
 t - a potion of magic {unknown}
 v - a potion of heal wounds {unknown}
 x - 2 potions of berserk rage {unknown}
Comestibles
 d - 6 rations


   Skills:
 + Level 3.2 Fighting
 + Level 3.4 Dodging
 - Level 3.0 Unarmed Combat
 - Level 2.1 Spellcasting
 * Level 5.5 Transmutations


You had 2 spell levels left.
You knew the following spells:

 Your Spells              Type           Power        Failure   Level  Hunger
a - Beastly Appendage     Tmut           ###...       19%         1    ##.....
b - Sticks to Snakes      Tmut           ###.....     26%         2    ###....
c - Blade Hands           Tmut           ###.......   99%         5    ######.

Your spell library contained the following spells:

 Spells                   Type           Power        Failure   Level  Hunger
 Spider Form              Tmut/Pois      #.........   86%         3    ####...
 Ice Form                 Ice/Tmut       #.......     99%         4    #####..


Dungeon Overview and Level Annotations

Branches:
Dungeon (4/15)
 Temple: D:4-7

Altars:
Makhleb
Nemelex Xobeh
Okawaru

Annotations:
D:4 Sigmund


Innate Abilities, Weirdness & Mutations

You have extremely sharp teeth.
Your natural rate of healing is unusually fast.
When hurt, damage is shared between your health and your magic reserves.
Your bite disrupts and absorbs the magic of your enemies.
Potions cannot restore your health.
You are immune to rotting.


Message History

Your shield prevents you from hitting something.
You bite something. Something hits you.
You miss something. You bite something. You miss something. Something hits you.
You barely miss something. You bite something. Something hits you.
You miss something. Your bite misses something.
A hound comes into view.
You miss something.
You hear some strange, mumbled words.
A magic dart appears from out of thin air!
The magic dart hits you!
* * * LOW HITPOINT WARNING * * *
You barely miss something.
The hound barks!
Your bite misses something.
An adder comes into view.
Something hits you!
* * * LOW HITPOINT WARNING * * *
Something hits you!
You die...

.$... ...........#.. ......
.>.......>... .S... #.....#......
.# #... #........# .#..## ..#...#
#..<....## .#... .
.....h##.#..##..##...# ..
#..{..##.........##..
#.....###............ #(...
#....@...........##.#
#.....##...........#<#.....#.
..........##......##.[.......
####...........#........)........
#.#.........#........##......#..#
...@............[...##.......# .
........................##.......
).<.....##...........##..#.......
........####........###..##......


You could see a hound and an adder (wandering).

Vanquished Creatures
  An ogre (D:4)
  Blork the orc (D:4)
  A centaur skeleton (D:4)
  An orc wizard (D:4)
  Robin (D:2)
  13 gnolls
  5 adders
  2 oozes
  3 worms
  2 dart slugs
  3 leopard geckos
  7 orcs
  2 ball pythons
  8 bats
  5 giant cockroaches
  16 goblins
  12 hobgoblins
  3 jackals
  A quokka (D:2)
  6 frilled lizards
  6 kobolds
  6 rats
105 creatures vanquished.

Notes
Turn   | Place    | Note
-------+----------+-------------------------------------------
     0 | D:1      | zishaf the Vine Stalker Transmuter began the quest for the
                  | Orb.
     0 | D:1      | Reached XP level 1. HP: 9/9 MP: 4/4
    55 | D:1      | Reached skill level 1 in Fighting
   253 | D:1      | Reached XP level 2. HP: 14/14 MP: 6/6
   282 | D:1      | Learned a level 2 spell: Sticks to Snakes
  1144 | D:2      | Reached XP level 3. HP: 12/18 MP: 3/7
  1671 | D:2      | Reached skill level 3 in Transmutations
  1743 | D:1      | Gained mutation: Your natural rate of healing is unusually
                  | fast. [Vine Stalker growth]
  1743 | D:1      | Reached XP level 4. HP: 6/23 MP: 6/8
  2110 | D:2      | Reached XP level 5. HP: 21/26 MP: 6/9
  2261 | D:2      | Reached skill level 4 in Transmutations
  2365 | D:2      | Learned a level 5 spell: Blade Hands
  2552 | D:2      | Found a burning altar of Makhleb.
  2552 | D:2      | Noticed a blizzard demon
  2555 | D:2      | Noticed a hellwing
  2555 | D:2      | Noticed a hellwing
  2563 | D:2      | Became a worshipper of Makhleb the Destroyer
  2816 | D:3      | Found a sparkling altar of Nemelex Xobeh.
  3015 | D:3      | Noticed Robin
  3040 | D:3      | Reached * piety under Makhleb
  3079 | D:2      | Killed Robin
  3116 | D:3      | Reached XP level 6. HP: 32/32 MP: 10/10
  3287 | D:3      | Found an iron altar of Okawaru.
  3424 | D:4      | Noticed Blork the orc
  3436 | D:4      | Killed Blork the orc
  3436 | D:4      | Reached skill level 5 in Transmutations
  3484 | D:4      | Reached XP level 7. HP: 36/36 MP: 11/11
  3942 | D:4      | Noticed Sigmund
  4037 | D:4      | Mangled by Sigmund

Vault maps used:
D:1:      dpeg_arrival_long_road
D:2:      makhleb_altar_promises_db, serial_glass, glass_columns_a,
          glass_columns_a, feat_on_display, feat_on_display, item_on_display_a,
          feat_on_display, first_ration
D:3:      lemuel_doored_altar, nicolae_overflow_crystal_walls, uniq_robin
D:4:      minmay_temple_entry_sparse_star, uniq_sigmund, uniq_blork_the_orc

Skill      XL: |  1  2  3  4  5  6 |
---------------+-------------------+-----
Fighting       | 1 2 3 |  3.2
Dodging        | 2 3 |  3.4
Transmutations | 3 4 5 |  5.5
Unarmed Combat | |  3.0
Spellcasting   | |  2.1

Action                   |  1- 3 |  4- 6 |  7- 9 || total
-------------------------+-------+-------+-------++-------
Melee: Unarmed           |    97 |   291 |    73 ||   461
       Bite              |    21 |    86 |    22 ||   129
       Punch             |     1 |       |       ||     1
 Fire: Hunting sling     |    23 |    16 |       ||    39
Throw: Javelin           |       |       |     3 ||     3
  Use: Scroll            |       |       |     4 ||     4
 Stab: Sleeping          |     2 |     1 |       ||     3
  Eat: Chunk             |     2 |     7 |     1 ||    10
Armor: Robe              |    16 |    43 |     7 ||    66
Dodge: Dodged            |    52 |   106 |    24 ||   182
Block: Shield            |     6 |   131 |    25 ||   162

Table legend:
 A = Non-vault XP
 B = Vault XP
 C = Vault XP percentage of total XP
 D = Non-vault monster count
 E = Vault monster count
 F = Vault count percentage of total count
                 A         B        C        D         E       F
            +---------+---------+-------+---------+---------+-------
      Total |     604 |     132 |  17.9 |      91 |      14 |  13.3
            +---------+---------+-------+---------+---------+-------
        D:1 |      45 |       0 |   0.0 |      17 |       0 |   0.0
        D:2 |     163 |      22 |  11.9 |      33 |       3 |   8.3
        D:3 |     170 |      19 |  10.1 |      34 |      10 |  22.7
        D:4 |     226 |      91 |  28.7 |       7 |       1 |  12.5
            +---------+---------+-------+---------+---------+-------
